3L
AUSTIN RANGERS @ MONTANA PANDAS
08/06/2023
 
TOP OF THE 1ST
Austin Rangers batting - Pitching for Montana Pandas : LHP Joaquín Velázquez
Pitching: LHP Joaquín Velázquez
Batting: RHB Tony Hernández 0-0: Called Strike
0-1: Ball
1-1: Bunt for hit - play at first, batter OUT! 1-3
Batting: RHB Pablo Trujillo 0-0: Called Strike
0-1: SINGLE (Groundball, 15) (infield hit)
Batting: SHB Carlos Kramer 0-0: Ball
1-0: Ball
2-0: Called Strike
2-1: Ball
3-1: Base on Balls
Pablo Trujillo to second
Batting: LHB Jesús Reyes 0-0: Called Strike
0-1: Foul Ball, location: 2F
0-2: Ball
1-2: Foul Ball, location: 2F
1-2: Strikes out swinging
Batting: RHB José Muñóz 0-0: Ball
1-0: Swinging Strike
1-1: Foul Ball, location: 2F
1-2: Ball
2-2: Strikes out swinging
Top of the 1st over - 0 run(s), 1 hit(s), 0 error(s), 2 left on base; Austin 0 - Montana 0
BOTTOM OF THE 1ST
Montana Pandas batting - Pitching for Austin Rangers : RHP Juan Valéncia
Pitching: RHP Juan Valéncia
Batting: RHB Eduardo Sánchez 0-0: Ball
1-0: Fly out, F8 (Flyball, 8LM)
Batting: LHB Mike Pace 0-0: Ball
1-0: Foul Ball, location: 2F
1-1: Foul Ball, location: 2F
1-2: Strikes out swinging
Batting: RHB Jean Chamissa 0-0: Ball
1-0: Ground out 5-3 (Groundball, 5)
Bottom of the 1st over - 0 run(s), 0 hit(s), 0 error(s), 0 left on base; Austin 0 - Montana 0
TOP OF THE 2ND
Austin Rangers batting - Pitching for Montana Pandas : LHP Joaquín Velázquez
Batting: RHB Manny Freitas 0-0: Called Strike
0-1: Ball
1-1: Ball
2-1: Ball
3-1: Called Strike
3-2: Foul Ball, location: 2F
3-2: Base on Balls
Batting: LHB Motoshige Kitamura 0-0: Ball
1-0: Ball
Pickoff Throw to First - Out!
2-0: Ball
3-0: Called Strike
3-1: Called Strike
3-2: Base on Balls
Batting: RHB Yuji Ine 0-0: Called Strike
0-1: SINGLE (Line Drive, 7S)
Motoshige Kitamura to second
Batting: SHB Juan Sánchez 0-0: Ball
1-0: Swinging Strike
1-1: Ball
2-1: Called Strike
2-2: Strikes out swinging
Pitching: LHP Manuel Martínez
Batting: RHB Tony Hernández 0-0: Ball
1-0: Foul Ball, location: 2F
1-1: Ball
2-1: Ball
3-1: Fly out, F7 (Flyball, 78D)
Top of the 2nd over - 0 run(s), 1 hit(s), 0 error(s), 2 left on base; Austin 0 - Montana 0
BOTTOM OF THE 2ND
Montana Pandas batting - Pitching for Austin Rangers : RHP Juan Valéncia
Batting: LHB Steve Riggs 0-0: Ball
1-0: Called Strike
1-1: Foul Ball, location: 2F
1-2: Foul Ball, location: 2F
1-2: Strikes out swinging
Batting: LHB Ray Merrill 0-0: Ball
1-0: Called Strike
1-1: Swinging Strike
1-2: Fly out, F8 (Flyball, 8RS)
Batting: RHB Wilbur James 0-0: Ball
1-0: Ball
2-0: Fly out, F7 (Flyball, 7M)
Bottom of the 2nd over - 0 run(s), 0 hit(s), 0 error(s), 0 left on base; Austin 0 - Montana 0
TOP OF THE 3RD
Austin Rangers batting - Pitching for Montana Pandas : LHP Manuel Martínez
Batting: RHB Pablo Trujillo 0-0: Ball
1-0: Called Strike
1-1: Ball
2-1: Ball
3-1: Base on Balls
Batting: SHB Carlos Kramer 0-0: Fielders Choice at 2nd, 3-6 (Groundball, 4)
Batting: LHB Jesús Reyes 0-0: Swinging Strike
0-1: Ground out 3-1 (Groundball, 34S)
Carlos Kramer to second
Batting: RHB José Muñóz 0-0: Foul Ball, location: 2F
0-1: Ball
1-1: Foul Ball, location: 2F
1-2: Ball
2-2: Ground out 1-3 (Groundball, 13S)
Top of the 3rd over - 0 run(s), 0 hit(s), 0 error(s), 1 left on base; Austin 0 - Montana 0
BOTTOM OF THE 3RD
Montana Pandas batting - Pitching for Austin Rangers : RHP Juan Valéncia
Batting: RHB Pancho Salaedo 0-0: Called Strike
0-1: Foul Ball, location: 2F
0-2: Foul Ball, location: 2F
0-2: Ball
1-2: Foul Ball, location: 2F
1-2: Strikes out swinging
Batting: LHB José Villarreal 0-0: Ball
1-0: Ball
2-0: Called Strike
2-1: Fly out, F1 (Popup, 23)
Batting: LHB Tomás Guillén 0-0: Foul Ball, location: 2F
0-1: Ball
1-1: Ball
2-1: Fly out, F7 (Flyball, 78S)
Bottom of the 3rd over - 0 run(s), 0 hit(s), 0 error(s), 0 left on base; Austin 0 - Montana 0
TOP OF THE 4TH
Austin Rangers batting - Pitching for Montana Pandas : LHP Manuel Martínez
Batting: RHB Manny Freitas 0-0: Swinging Strike
0-1: Ball
1-1: Ball
2-1: Swinging Strike
2-2: Foul Ball, location: 2F
2-2: Strikes out swinging
Batting: LHB Motoshige Kitamura 0-0: Ball
1-0: Called Strike
1-1: Ball
2-1: Ball
3-1: Fly out, F8 (Flyball, 8LD)
Batting: RHB Yuji Ine 0-0: Ball
1-0: Called Strike
1-1: Ball
2-1: Ball
3-1: Base on Balls
Batting: SHB Juan Sánchez 0-0: Ball
1-0: Ball
2-0: Called Strike
2-1: Fly out, F8 (Flyball, 8LM)
Top of the 4th over - 0 run(s), 0 hit(s), 0 error(s), 1 left on base; Austin 0 - Montana 0
BOTTOM OF THE 4TH
Montana Pandas batting - Pitching for Austin Rangers : RHP Juan Valéncia
Batting: RHB Eduardo Sánchez 0-0: Ball
1-0: Ball
2-0: Fly out, F2 (Popup, 2LF)
Batting: LHB Mike Pace 0-0: Ground out 6-3 (Groundball, 6M)
Batting: RHB Jean Chamissa 0-0: Ground out 4-3 (Groundball, 13)
Bottom of the 4th over - 0 run(s), 0 hit(s), 0 error(s), 0 left on base; Austin 0 - Montana 0
TOP OF THE 5TH
Austin Rangers batting - Pitching for Montana Pandas : LHP Manuel Martínez
Batting: RHB Tony Hernández 0-0: Ball
1-0: Ball
2-0: Ball
3-0: Base on Balls
Pitching: LHP Tomás Galván
Batting: RHB Pablo Trujillo 0-0: Ball
Tony Hernández is caught stealing 2nd base
1-0: Ball
2-0: Ball
3-0: Base on Balls
Batting: SHB Carlos Kramer 0-0: Called Strike
0-1: Ball
1-1: Grounds into double play, U4-3 (Groundball, 4)
Top of the 5th over - 0 run(s), 0 hit(s), 0 error(s), 0 left on base; Austin 0 - Montana 0
BOTTOM OF THE 5TH
Montana Pandas batting - Pitching for Austin Rangers : RHP Juan Valéncia
Batting: LHB Steve Riggs 0-0: Ball
1-0: Foul Ball, location: 2F
1-1: Swinging Strike
1-2: Ball
2-2: Ground out 6-3 (Groundball, 6M)
Batting: LHB Ray Merrill 0-0: Fly out, F1 (Line Drive, 15)
Batting: RHB Wilbur James 0-0: Ball
1-0: Ball
2-0: Foul Ball, location: 2F
2-1: Ground out 6-3 (Groundball, 6S)
Bottom of the 5th over - 0 run(s), 0 hit(s), 0 error(s), 0 left on base; Austin 0 - Montana 0
TOP OF THE 6TH
Austin Rangers batting - Pitching for Montana Pandas : LHP Tomás Galván
Batting: LHB Jesús Reyes 0-0: Foul Ball, location: 2F
0-1: Called Strike
0-2: Strikes out looking
Batting: RHB José Muñóz 0-0: Foul Ball, location: 2F
0-1: Ball
1-1: Called Strike
1-2: Ball
2-2: Ground out 6-3 (Groundball, 56)
Batting: RHB Manny Freitas 0-0: Called Strike
0-1: Called Strike
0-2: Strikes out swinging
Top of the 6th over - 0 run(s), 0 hit(s), 0 error(s), 0 left on base; Austin 0 - Montana 0
BOTTOM OF THE 6TH
Montana Pandas batting - Pitching for Austin Rangers : RHP Juan Valéncia
Batting: RHB Pancho Salaedo 0-0: Hit by Pitch
Batting: LHB José Villarreal 0-0: Called Strike
0-1: Ground out 4-3 (Groundball, 34S)
Pancho Salaedo to second
Batting: LHB Tomás Guillén 0-0: Intentional Walk
Batting: RHB Eduardo Sánchez 0-0: Ball
1-0: Called Strike
1-1: Foul Ball, location: 2F
1-2: Ball
Wild Pitch!
Pancho Salaedo to third
Tomás Guillén to second
2-2: Foul Ball, location: 2F
2-2: Strikes out swinging
Batting: LHB Mike Pace 0-0: Ball
1-0: Called Strike
1-1: Foul Ball, location: 2F
1-2: Strikes out swinging
Bottom of the 6th over - 0 run(s), 0 hit(s), 0 error(s), 2 left on base; Austin 0 - Montana 0
TOP OF THE 7TH
Austin Rangers batting - Pitching for Montana Pandas : LHP Tomás Galván
Batting: LHB Motoshige Kitamura 0-0: Ball
1-0: Ball
2-0: SINGLE (Line Drive, 89S)
Batting: RHB Yuji Ine 0-0: Swinging Strike
0-1: Foul Ball, location: 2F
0-2: Ball
1-2: Grounds into double play, 5-4-3 (Groundball, 56)
Batting: SHB Juan Sánchez 0-0: Fly out, F6 (Popup, 6MD)
Top of the 7th over - 0 run(s), 1 hit(s), 0 error(s), 0 left on base; Austin 0 - Montana 0
BOTTOM OF THE 7TH
Montana Pandas batting - Pitching for Austin Rangers : RHP Juan Valéncia
Batting: RHB Jean Chamissa 0-0: SINGLE (Flyball, 89S)
Batting: LHB Steve Riggs 0-0: Foul Ball, location: 2F
0-1: Ball
1-1: Foul Ball, location: 2F
1-2: Ball
2-2: Foul Ball, location: 2F
2-2: SINGLE (Line Drive, 4MD)
Jean Chamissa to second
Batting: LHB Ray Merrill 0-0: Grounds into double play, 3-6-3 (Groundball, 3)
Jean Chamissa to third
Batting: RHB Wilbur James 0-0: Swinging Strike
0-1: Ball
1-1: Ball
2-1: Ground out 6-3 (Groundball, 6)
Bottom of the 7th over - 0 run(s), 2 hit(s), 0 error(s), 1 left on base; Austin 0 - Montana 0
TOP OF THE 8TH
Austin Rangers batting - Pitching for Montana Pandas : LHP Tomás Galván
Batting: RHB Tony Hernández 0-0: Foul Ball, location: 2F
0-1: Ball
1-1: Foul Ball, location: 2F
1-2: Ground out 4-3 (Groundball, 4)
Batting: RHB Pablo Trujillo 0-0: Swinging Strike
0-1: Called Strike
0-2: Foul Ball, location: 2F
0-2: Foul Ball, location: 2F
0-2: Ball
1-2: Ball
2-2: Foul Ball, location: 2F
2-2: Ball
3-2: Foul Ball, location: 2F
3-2: Strikes out swinging
Batting: SHB Carlos Kramer 0-0: Ball
1-0: Called Strike
1-1: DOUBLE (Flyball, 89D)
Pitching: LHP Spike Wells
Batting: LHB Jesús Reyes 0-0: Foul Ball, location: 2F
0-1: Ball
1-1: Swinging Strike
1-2: Ground out 6-3 (Groundball, 6MS)
Top of the 8th over - 0 run(s), 1 hit(s), 0 error(s), 1 left on base; Austin 0 - Montana 0
BOTTOM OF THE 8TH
Montana Pandas batting - Pitching for Austin Rangers : RHP Juan Valéncia
Batting: RHB Pancho Salaedo 0-0: Swinging Strike
Reached via error on a dropped throw, E3
Batting: LHB José Villarreal 0-0: Ball
1-0: Swinging Strike
1-1: Ball
2-1: Foul Ball, location: 2F
2-2: Foul Ball, location: 2F
2-2: Strikes out swinging
Batting: LHB Tomás Guillén 0-0: Fly out, F8 (Flyball, 8RM)
Batting: RHB Eduardo Sánchez 0-0: Called Strike
0-1: Ball
1-1: Called Strike
1-2: Ball
2-2: Strikes out swinging
Bottom of the 8th over - 0 run(s), 0 hit(s), 1 error(s), 1 left on base; Austin 0 - Montana 0
TOP OF THE 9TH
Austin Rangers batting - Pitching for Montana Pandas : LHP Spike Wells
Pitching: RHP Donald Simmons
Pinch Hitting: LHB Yun Yen 0-0: Ball
1-0: Ball
2-0: Fly out, F3 (Popup, 3F)
Batting: RHB Manny Freitas 0-0: Ball
1-0: Foul Ball, location: 2F
1-1: SINGLE (Flyball, 6MD)
Batting: LHB Motoshige Kitamura 0-0: Fielders Choice at 2nd, 4-6 (Groundball, 34)
Batting: RHB Yuji Ine 0-0: Called Strike
0-1: Ball
1-1: Ground out U3 (Groundball, 3)
Top of the 9th over - 0 run(s), 1 hit(s), 0 error(s), 1 left on base; Austin 0 - Montana 0
BOTTOM OF THE 9TH
Montana Pandas batting - Pitching for Austin Rangers : RHP Juan Valéncia
Now in LF: Joseph Pate
Batting: LHB Mike Pace 0-0: Foul Ball, location: 2F
0-1: Fly out, F8 (Flyball, 78M)
Batting: RHB Jean Chamissa 0-0: Foul Ball, location: 2F
0-1: Called Strike
0-2: Ball
1-2: Fly out, F9 (Line Drive, 9M)
Batting: LHB Steve Riggs 0-0: Foul Ball, location: 2F
0-1: Foul Ball, location: 2F
0-2: Ball
1-2: Ball
2-2: Ground out 4-3 (Groundball, 4D)
Bottom of the 9th over - 0 run(s), 0 hit(s), 0 error(s), 0 left on base; Austin 0 - Montana 0
TOP OF THE 10TH
Austin Rangers batting - Pitching for Montana Pandas : RHP Donald Simmons
Batting: SHB Juan Sánchez 0-0: Ball
1-0: Foul Ball, location: 2F
1-1: Foul Ball, location: 2F
1-2: Foul Ball, location: 2F
1-2: Ball
2-2: Fly out, F6 (Popup, 6)
Batting: RHB Tony Hernández 0-0: Called Strike
0-1: Ball
1-1: Ball
2-1: Foul Ball, location: 2F
2-2: Ball
3-2: Reached on error, E6 (Groundball, 6)
Batting: RHB Pablo Trujillo 0-0: Ball
1-0: Ball
2-0: Called Strike
2-1: Ball
3-1: Base on Balls
Tony Hernández to second
Batting: SHB Carlos Kramer 0-0: Ball
1-0: SINGLE (Flyball, 9S)
Tony Hernández to third
Pablo Trujillo to second
Batting: LHB Jesús Reyes 0-0: Ball
1-0: Called Strike
1-1: Ball
2-1: Ball
3-1: Base on Balls
Tony Hernández scores
Pablo Trujillo to third
Carlos Kramer to second
Pinch Hitting: SHB Xavier Vásquez 0-0: Ball
1-0: TRIPLE (Flyball, 8RXD)
Pablo Trujillo scores
Carlos Kramer scores
Jesús Reyes scores
Pitching: RHP Aki Tanaka
Batting: RHB Manny Freitas 0-0: Called Strike
0-1: Foul Ball, location: 2F
0-2: Ball
1-2: Ball
2-2: Ball
3-2: Foul Ball, location: 2F
3-2: Foul Ball, location: 2F
3-2: Foul Ball, location: 2F
3-2: Fly out, F4 (Popup, 3D)
Batting: LHB Motoshige Kitamura 0-0: Called Strike
0-1: Ball
1-1: DOUBLE (Flyball, 89XD)
Xavier Vásquez scores
Batting: RHB Yuji Ine 0-0: Swinging Strike
0-1: Ball
1-1: Foul Ball, location: 2F
1-2: Ball
2-2: Foul Ball, location: 2F
2-2: Ground out 6-3 (Groundball, 6)
Top of the 10th over - 5 run(s), 3 hit(s), 1 error(s), 1 left on base; Austin 5 - Montana 0
BOTTOM OF THE 10TH
Montana Pandas batting - Pitching for Austin Rangers : RHP Juan Valéncia
Now at SS: Xavier Vásquez
Batting: LHB Ray Merrill 0-0: Ball
1-0: Called Strike
1-1: Ball
2-1: Ball
3-1: Base on Balls
Batting: RHB Wilbur James 0-0: Ball
1-0: Called Strike
1-1: Grounds into double play, 1-4-3 (Groundball, 13)
Batting: RHB Pancho Salaedo 0-0: Foul Ball, location: 2F
0-1: Fly out, F8 (Flyball, 8LM)
Bottom of the 10th over - 0 run(s), 0 hit(s), 0 error(s), 0 left on base; Austin 5 - Montana 0
This league is powered by Out of the Park Baseball, the baseball management simulation game for PC, Mac and Linux
Friday, July 8th, 2016 - OOTP Baseball 16.9 Build 39